 Dungeon Crawl Stone Soup version 0.32-a0-607-g64ea0e4219 (webtiles) character file.

Game seed: 14028442760428475168

194 Shayle the Apothecary (level 5, -1/40 HPs)
             Began as a Coglin Alchemist on Mar 2, 2024.
             Slain by a black bear (8 damage)
             ... on level 4 of the Dungeon on Mar 3, 2024.
             The game lasted 00:07:55 (2807 turns).

Shayle the Apothecary (Coglin Alchemist)            Turns: 2807, Time: 00:07:57

Health: -1/40      AC:  3    Str:  9    XL:     5   Next: 73%
Magic:  7/7        EV: 12    Int: 16    God:
Gold:   98         SH:  0    Dex: 14    Spells: 6/7 levels left

rFire   . . .        t - +3 war axe {Soledad}
rCold   . . .        p - +0 dagger {Heine}
rNeg    . . .        v - +0 leather armour
rPois   .            (no helmet)
rElec   .            (no cloak)
rCorr   .            (no gloves)
SInv    .            (no boots)
Will    .....        (amulet unavailable)
Stlth   ++           (ring unavailable)
HPRegen 0.26/turn    (ring unavailable)
MPRegen 0.10/turn    (no gizmo)

%: no passive effects
@: revved
A: off-hand wielding, slow wielding, warmup strikes, no jewellery
a: Invent Gizmo


You were on level 4 of the Dungeon.
You visited 1 branch of the dungeon, and saw 4 of its levels.

You collected 98 gold pieces.

Inventory:

Hand Weapons
 f - a +0 dagger {Gebhard}
 p - a +0 dagger (offhand) {Heine}
 t - a +3 war axe (weapon) {Soledad}
Armour
 a - a +0 robe
 v - a +0 leather armour (worn)
Wands
 q - a wand of charming (7)
Scrolls
 c - 2 scrolls of teleportation {unknown}
 e - 2 scrolls of torment
 g - a scroll of fear {unknown}
 i - a scroll of blinking {unknown}
 j - 2 scrolls of revelation {unknown}
 k - 3 scrolls of poison {unknown}
 l - 4 scrolls of identify {unknown}
 m - a scroll of butterflies {unknown}
 o - a scroll of immolation {unknown}
Potions
 b - a potion of magic
 h - a potion of berserk rage {unknown}
 n - 2 potions of heal wounds {unknown}
 r - a potion of curing {unknown}
 s - a potion of degeneration {unknown}
 u - a potion of brilliance {unknown}
 w - a potion of ambrosia {unknown}


   Skills:
 + Level 2.9 Fighting
 + Level 3.2 Dodging
 + Level 3.1 Stealth
 - Level 1.7 Spellcasting
 - Level 0.8 Conjurations
 - Level 3.2 Alchemy


You had 6 spell levels left.
You knew the following spells:

 Your Spells              Type           Power      Damage    Failure   Level
a - Sting                 Conj/Alch      32%        1d5       13%         1

Your spell library contained the following spells:

 Spells                   Type           Power      Damage    Failure   Level
 Magic Dart               Conj           16%        1d3       22%         1
 Mercury Vapours          Alch/Air       12%        N/A       22%         2
 Searing Ray              Conj           8%         2d4       32%         2
 Mephitic Cloud           Conj/Alch/Air  5%         N/A       45%         3
 Olgreb's Toxic Radiance  Alch           11%        N/A       61%         4
 Fulminant Prism          Conj/Alch      4%         3d5       77%         4
 Sticky Flame             Fire/Alch      6%         2d4       83%         4


Dungeon Overview and Level Annotations

Branches:
Dungeon (4/15)
 Temple: D:4-7

Altars:

Shops:
D:1 [:=!   D:4 =


Innate Abilities, Weirdness & Mutations

You can wield a second weapon in your off-hand.
It takes a long time for you to wield or remove held weapons.
Your first few attacks do less damage.
You cannot equip rings or amulets.


Message History

As you read the scroll of enchant weapon, it crumbles to dust.
Your +1 war axe {Soledad} glows red for a moment.
As you read the scroll of enchant weapon, it crumbles to dust.
Your +2 war axe {Soledad} glows red for a moment.
A hound comes into view.
The hound barks!
The hound closely misses you. The hound bites you.
The hound closely misses you.
You slash the hound with your +3 war axe!
The hound is heavily wounded.
You closely miss the hound with your +0 dagger.
The hound barely misses you. The hound bites you.
You slash the hound with your +3 war axe!
You kill the hound!
You see here a hound corpse.
A black bear comes into view.
Found Hicagi's Jewellery Boutique.
The black bear growls angrily.
The black bear bites you! The black bear claws you.
The black bear barely misses you.
You hit the black bear but do no damage.
You completely miss the black bear with your +3 war axe.
The black bear bites you. The black bear misses you.
The black bear barely misses you.
You barely miss the black bear with your +0 dagger.
You slash the black bear with your +3 war axe!
The black bear closely misses you. The black bear claws you. x2
You completely miss the black bear with your +0 dagger.
The black bear is moderately wounded.
You slash the black bear with your +3 war axe!
The black bear goes berserk!
The black bear bites you! The black bear barely misses you.
The black bear claws you.
You hit the black bear with your +0 dagger.
The black bear is severely wounded.
You hit the black bear with your +3 war axe.
The black bear bites you. The black bear claws you.
* * * LOW HITPOINT WARNING * * *
The black bear claws you but does no damage.
The black bear bites you!
You die...

.................
.............#.##. ..#
..........####..###..##
..#..#....# #∩..###...#.
###..#...## ..##.......
.......#..####..#.......
.##...##........#.......
.####...................
.###.....#####..@h......
.#.......## #....##.....
..........###....# ...
...............#.# .
..............##...
...........###....#..
............# +##.# ..
...........## #. .
.......#..## #.


You could see a black bear (berserk).

Vanquished Creatures
  A scorpion (D:4)
  A hound (D:4)
  3 gnolls (D:2)
  An adder (D:3)
  A dart slug (D:1)
  2 ribbon worms (D:3)
  5 orcs (D:3)
  8 ball pythons
  4 endoplasms
  2 giant cockroaches
  4 goblins
  7 hobgoblins
  2 kobolds
  2 quokkas
  4 bats
  2 frilled lizards
  8 rats
57 creatures vanquished.

Notes
Turn   | Place    | Note
-------+----------+-------------------------------------------
     0 | D:1      | Shayle the Coglin Alchemist began the quest for the Orb.
     0 | D:1      | Reached XP level 1. HP: 13/13 MP: 3/3
     9 | D:1      | Found Hen Mium's Jewellery Shoppe.
    67 | D:1      | Found Ezxed's Armour Shop.
   245 | D:1      | Reached XP level 2. HP: 20/20 MP: 2/4
   345 | D:1      | Found Vusepno's Book Shop.
   471 | D:1      | Reached skill level 1 in Fighting
   640 | D:1      | Found Beseutt's Distillery.
  1123 | D:2      | Reached XP level 3. HP: 23/26 MP: 3/5
  1419 | D:2      | Reached XP level 4. HP: 31/33 MP: 2/6
  1867 | D:3      | Upgraded the game from 0.32-a0-599-gba8f9cf90e to
                  | 0.32-a0-607-g64ea0e4219
  2642 | D:4      | Noticed a scorpion
  2648 | D:4      | Killed a scorpion
  2649 | D:4      | Reached XP level 5. HP: 35/39 MP: 5/7
  2799 | D:4      | Noticed a black bear
  2801 | D:4      | Found Hicagi's Jewellery Boutique.
  2807 | D:4      | Slain by a black bear

Illustrated notes

Levels and vault maps discovered:
D:1:      eino_arrival_water_star, layout_basic, serial_shops,
          nicolae_shop_peninsula, nicolae_diamond_shop,
          nicolae_shop_behind_doors, shop
D:2:      layout_loops_cross, kennysheep_cross_room
D:3:      layout_basic, corner_web_ring, nrook_uturn
D:4:      layout_cave_pools, serial_shops, shop, dk_noncrumbling_4

Skill      XL: |  1  2  3  4 |
---------------+-------------+-----
Dodging        | 2 3 |  3.2
Fighting       | 1 2 |  2.9
Stealth        | 2 3 |  3.1
Spellcasting   | |  1.7
Conjurations   | |  0.8
Alchemy        | |  3.2

Action                     |  1- 3 |  4- 6 || total
---------------------------+-------+-------++-------
  Melee: Unarmed           |     2 |       ||     2
         Dagger            |    41 |    69 ||   110
         War axe           |       |    65 ||    65
   Cast: Sting             |    42 |     7 ||    49
    Use: Scroll            |       |     4 ||     4
   Stab: Sleeping          |       |     4 ||     4
 Armour: Robe              |    20 |    15 ||    35
         Leather armour    |       |    36 ||    36
  Dodge: Dodged            |    20 |    57 ||    77

Table legend: (Time is in decaauts)
 A = Elapsed time spent in this place.
 B = Non-inter-level travel time spent in this place.
 C = Inter-level travel time spent in this place.
 D = Time resting spent in this place.
 E = Time spent auto-exploring this place.
 F = Levels seen in this place.
 G = Mean time per level.
                   A        B        C        D        E       F      G
               +--------+--------+--------+--------+--------+-----+--------+
         Total |   2824 |   2775 |     49 |    257 |   1935 |   4 |  706.0 |
       Dungeon |   2824 |   2775 |     49 |    257 |   1935 |   4 |  706.0 |
               +--------+--------+--------+--------+--------+-----+--------+

Top non-repeatable levels by time:
     D:2: 990 daAuts
     D:3: 883 daAuts
     D:1: 753 daAuts
     D:4: 197 daAuts
